 Dungeon Crawl Stone Soup version 0.21.1-1-g345015fe64 (webtiles) character file.

26 Lavandula the Digger (level 3, -6/24 HPs)
             Began as a Barachi Earth Elementalist on July 17, 2018.
             Killed by nerve-wracking pain
             ... invoked by Grinder
              (14 damage)
             ... on level 3 of the Dungeon on July 18, 2018.
             The game lasted 00:03:26 (435 turns).

Lavandula the Digger (Barachi Earth Elementalist)    Turns: 435, Time: 00:03:27

Health: -6/24      AC:  2    Str:  9    XL:     3   Next: 8%
Magic:  4/7        EV: 12    Int: 16    God:
Gold:   62         SH:  0    Dex: 12    Spells: 4/8 levels left

rFire    . . .     SeeInvis .   j - +0 dagger
rCold    . . .     Gourm    .   (no shield)
rNeg     . . .     Faith    .   c - +0 robe
rPois    .         Spirit   .   (no helmet)
rElec    .         Reflect  .   (no cloak)
rCorr    .         Harm     .   (no gloves)
MR       .....                  (no boots)
Stlth    ++........             (no amulet)
HPRegen  0.08/turn              (no ring)
MPRegen  0.10/turn              (no ring)

@: can't hop, slow
A: +LOS, swims, slowness 1, strong legs 1
a: Hop


You were on level 3 of the Dungeon.
You were not hungry.

You visited 1 branch of the dungeon, and saw 3 of its levels.

You collected 62 gold pieces.

Inventory:

Hand Weapons
 i - a +0 hand axe
 j - a +0 dagger (weapon)
Missiles
 b - 17 stones (quivered)
Armour
 c - a +0 robe (worn)
Scrolls
 a - 4 scrolls of identify {unknown}
 g - a scroll of random uselessness {unknown}
 h - a scroll of teleportation {unknown}
Potions
 f - a potion of degeneration {unknown}
 k - a potion of mutation {unknown}
Books
 e - a book of Geomancy

   Spells                             Type                      Level
   a - Sandblast                      Earth                        1
   b - Passwall                       Transmutation/Earth          2
   c - Stone Arrow                    Conjuration/Earth            3
   d - Petrify                        Transmutation/Earth          4
   e - Lee's Rapid Deconstruction     Earth                        5
Comestibles
 d - a ration


   Skills:
 - Level 2.1 Dodging
 - Level 1.7 Stealth
 - Level 3.0 Spellcasting
   Level 1.1 Transmutations
 + Level 3.6 Earth Magic


You had 4 spell levels left.
You knew the following spells:

 Your Spells              Type           Power        Failure   Level  Hunger
a - Sandblast             Erth           ##....       4%          1    #......
b - Stone Arrow           Conj/Erth      #.....       26%         3    ###....


Dungeon Overview and Level Annotations

Branches:
Dungeon (3/15)

Altars:

Annotations:
D:3 Grinder


Innate Abilities, Weirdness & Mutations

Shadows flee at your approach. (+LOS)
You can swim through water.
You cover ground slowly.
You can hop short distances.


Message History

You kill the ooze!
You have reached level 3!
Your experience leads to an increase in your attributes!
Increase (S)trength, (I)ntelligence, or (D)exterity?
You feel clever.
b - 17 stones Memorise Stone Arrow, consuming 3 spell levels and leaving 4?
You start memorising the spell.
You continue memorising. x3
You finish memorising.
Spell assigned to 'b'.
Found a ration.
Found a ring mail.
Your magical contamination has completely faded away.
A frilled lizard comes into view.
A frilled lizard is nearby!
Grinder comes into view.
Grinder shouts!
The frilled lizard hisses angrily.
Grinder gestures at you. Pain shoots through your body!
Ouch! That really hurt!
You die...

.. #+#............. #.
......####.##... ##.####..
. #...... #........
#...... #..l.... #......
#......# #.##... #...[..#
#......
#......#############...
#.....@.......†.....###
....5%.%##.########.......
........ #.# #.†.....
........ #+# #.......
...##+## ##....## ..
#....## . #...... ........
..........


You could see Grinder and a frilled lizard.

Vanquished Creatures
  An ooze (D:3)
  A leopard gecko (D:1)
  2 orcs (D:2)
  4 bats
  A giant cockroach (D:3)
  2 goblins (D:2)
  3 hobgoblins (D:2)
  A quokka (D:3)
  A kobold (D:2)
16 creatures vanquished.

Notes
Turn   | Place    | Note
-------+----------+-------------------------------------------
     0 | D:1      | Lavandula the Barachi Earth Elementalist began the quest for the Orb.
     0 | D:1      | Reached XP level 1. HP: 13/13 MP: 3/3
   154 | D:2      | Reached XP level 2. HP: 19/19 MP: 2/5
   424 | D:3      | Reached XP level 3. HP: 7/24 MP: 3/7
   429 | D:3      | Learned a level 3 spell: Stone Arrow
   433 | D:3      | Noticed Grinder
   435 | D:3      | Killed from afar by Grinder

Skill      XL: |  1  2 |
---------------+-------+-----
Spellcasting   | 3 |  3.0
Dodging        | |  2.1
Stealth        | |  1.7
Transmutations | |  1.1
Earth Magic    | |  3.6

Action                   || total
-------------------------++-------
Melee: Unarmed           ||    17
       Dagger            ||     6
 Cast: Sandblast         ||    26
 Abil: Hop               ||     2
Armor: Robe              ||    15
Dodge: Dodged            ||    26
